 Dungeon Crawl Stone Soup version 0.17-a0-1987-gaf5a542 (webtiles) character file.

95 dpvblackbelt the Sneak (level 4, -1/27 HPs)
             Began as an Octopode Wizard on Oct 6, 2015.
             Killed from afar by Crazy Yiuf (6 damage)
             ... with a wand of magic darts
             ... on level 2 of the Dungeon.
             The game lasted 00:05:53 (2778 turns).

dpvblackbelt the Sneak (Octopode Wizard)            Turns: 2778, Time: 00:05:53

Health: -1/27      AC:  1    Str: 11    XL:     4   Next: 65%
Magic:  7/8        EV: 12    Int: 26    God:
Gold:   41         SH:  0    Dex: 10    Spells: 4 memorised, 0 levels left

rFire  . . .     SeeInvis .     f - +0 dagger
rCold  . . .     Clarity  .     (no shield)
rNeg   . . .     SustAt   .     a - +0 hat
rPois  .         Gourm    .     (no amulet)
rElec  .         Spirit   .     g - +5 ring of strength
rCorr  .         Warding  .     (no ring)
rMut   .         Stasis   .     (no ring)
MR     .....                    (no ring)
Stlth  +++.......               (no ring)
                                (no ring)
                                (no ring)
                                (no ring)

@: brilliant, very slightly contaminated, invisible, not resistant to hostile
enchantments, fairly stealthy
A: almost no armour, amphibious, 8 rings, constrict 8, camouflage 1, gelatinous
body 1
a: no special abilities


You were on level 2 of the Dungeon.
You were hungry.

You visited 1 branch of the dungeon, and saw 2 of its levels.

You collected 41 gold pieces.

Inventory:

Hand Weapons
 e - a +0 mace
   (You found it on level 1 of the Dungeon)
 f - a +0 dagger (weapon)
   (You took it off a goblin on level 1 of the Dungeon)
Missiles
 n - 2 steel javelins (quivered)
Armour
 a - a +0 hat (worn)
Jewellery
 g - a +5 ring of strength (left tentacle)
   (You found it on level 1 of the Dungeon)
 i - an uncursed amulet of guardian spirit {unknown}
   (You took it off a kobold on level 1 of the Dungeon)
 m - a +4 ring of strength
   (You found it on level 2 of the Dungeon)
Scrolls
 h - 2 scrolls of remove curse {unknown}
 j - a scroll of noise {unknown}
 l - a scroll of enchant weapon {unknown}
 p - a scroll of teleportation
Books
 b - a book of Minor Magic
Comestibles
 c - 3 bread rations {@e1}
 k - a beef jerky


   Skills:
 - Level 2.5 Dodging
 - Level 3.7 Stealth
 - Level 3.2 Spellcasting
 + Level 3.2 Conjurations
   Level 1.0 Summonings
 - Level 1.0 Translocations


You couldn't memorise any spells.
You knew the following spells:

 Your Spells              Type           Power        Failure   Level  Hunger
a - Magic Dart            Conj           ####         1%          1    None
b - Blink                 Tloc           N/A          1%          2    #......
c - Conjure Flame         Conj/Fire      ####....     2%          3    ###....
x - Mephitic Cloud        Conj/Pois/Air  ####....     2%          3    ###....


Dungeon Overview and Level Annotations

Branches:
Dungeon (2/15)

Altars:

Annotations:
D:2 Crazy Yiuf


Innate Abilities, Weirdness & Mutations

You cannot wear most types of armour.
You are amphibious.
You can wear up to eight rings at the same time.
You can use your tentacles to constrict eight enemies at once.
Your skin changes colour to match your surroundings (Stealth).
Your rubbery body absorbs attacks (AC +1).


Message History

You now have 5/8 mp.
Aim: a jackal (lightly wounded)
The magic dart hits the jackal.
The jackal barks! x2
You now have 4/8 mp.
Aim: a jackal (moderately wounded)
The magic dart hits the jackal.
You kill the jackal!
You now have 3/8 mp.
Aim: a jackal The magic dart hits the jackal.
You now have 2/8 mp.
Aim: a jackal The magic dart hits the jackal.
You now have 1/8 mp.
Aim: a jackal (lightly wounded)
The magic dart hits the jackal.
You now have 0/8 mp.
You hit the jackal. Your grab misses the jackal. The jackal barely misses you.
You hit the jackal. Your grab misses the jackal. The jackal misses you.
You hit the jackal but do no damage. Your grab misses the jackal.
The jackal bites you.
You take 2 damage, and have 24/27 hp.
You closely miss the jackal. Your grab misses the jackal. The jackal bites you.
You take 2 damage, and have 22/27 hp.
You hit the jackal.
You kill the jackal!
You hit the jackal but do no damage. Your grab misses the jackal.
You squeeze the jackal. The jackal closely misses you.
The jackal bites you but does no damage.
You hit the jackal.
You kill the jackal!
You start resting.
A kobold comes into view.
You regained 2 mp, and now have 3/8 mp.
Aim: a kobold (hasn't noticed you)
The magic dart hits the kobold.
The kobold shouts!
The kobold throws a stone.
The stone hits you but does no damage.
You now have 2/8 mp.
Aim: a kobold The magic dart hits the kobold.
The kobold throws a stone.
The stone hits you.
You take 1 damage, and have 23/27 hp.
You now have 1/8 mp.
Aim: a kobold (moderately wounded)
The magic dart hits the kobold.
You now have 0/8 mp.
You don't have enough magic to cast that spell.
There is a stone staircase leading down here.
The kobold hits you.
You take 4 damage, and have 19/27 hp.
You hit the kobold.
You kill the kobold!
There is a stone staircase leading down here.
You start resting.
Health restored: 27; MP restored: 8 You see here a stone.
A kobold comes into view. It is wielding a short sword.
The kobold shouts!
A kobold is nearby!
A kobold is nearby!
You barely miss the kobold. You grab the kobold. You constrict the kobold.
The kobold barely misses you.
You hit the kobold.
You kill the kobold!
No target in view!
No target in view!
All of the chunks of flesh in your inventory have rotted away.
You are feeling hungry.
No target in view!
You may need something to eat soon, looking for food.
Can't find anything matching that.
Sorry, you're not good enough to have a special ability.
No target in view!
You open the door.
Crazy Yiuf the Enlightened comes into view.
He is wielding a quarterstaff of chaos.
There is an open door here.
Crazy Yiuf is nearby!
Crazy Yiuf shouts!
Crazy Yiuf zaps a wand.
The magic dart hits you!
It is a wand of magic darts.
You take 6 damage, and have 21/27 hp.
MASSIVE DAMAGE!!
You hit Crazy Yiuf but do no damage. You grab Crazy Yiuf.
You constrict Crazy Yiuf.
Crazy Yiuf hits you with a quarterstaff of chaos!
You take 8 damage, and have 13/27 hp.
MASSIVE DAMAGE!!
Aim: Crazy Yiuf, wielding a quarterstaff of chaos, wearing a cloak and carrying a wand of magic darts {zapped: 1} (lightly wounded, constricted by you)
The magic dart hits Crazy Yiuf.
You constrict Crazy Yiuf, but do no damage.
You now have 7/8 mp.
Drink which item? (? for menu, Esc to quit)
It was a potion of invisibility.
You fade into invisibility!
You constrict Crazy Yiuf.
Crazy Yiuf zaps a wand.
The magic dart hits you!
* * * LOW HITPOINT WARNING * * *
You are very lightly contaminated with residual magic.
You take 8 damage, and have 5/27 hp.
MASSIVE DAMAGE!!
Drink which item? (? for menu, Esc to quit)
It was a potion of brilliance.
You feel clever all of a sudden.
You constrict Crazy Yiuf.
Crazy Yiuf zaps a wand.
The magic dart hits you!
You die...

..####....###.# #.#
##....##.## ..##
#..#.....# ...#
########## ...#
...## ....###♣♣
##### ..#.....♣♣
♣♣#..)#
..#......♣♣♣♣.'.@g#
####......♣..♣#...#
##....♣.♣♣♣#####
###♣♣♣♣♣


You could see Crazy Yiuf.

Vanquished Creatures
  3 adders (D:2)
  2 oozes (D:1)
  2 worms (D:2)
  3 giant geckos
  2 ball pythons
  3 bats
  2 giant cockroaches
  4 hobgoblins
  6 jackals (D:2)
  5 giant newts
  5 goblins
  8 kobolds
  6 rats
51 creatures vanquished.

Notes
Turn   | Place    | Note
--------------------------------------------------------------
     0 | D:1      | dpvblackbelt the Octopode Wizard began the quest for the Orb.
     0 | D:1      | Reached XP level 1. HP: 11/11 MP: 4/4
   309 | D:1      | HP: 1/11 [ooze (4)]
   310 | D:1      | Reached skill level 3 in Stealth
   310 | D:1      | Reached XP level 2. HP: 1/17 MP: 0/6
  1371 | D:1      | Reached XP level 3. HP: 17/21 MP: 7/7
  1762 | D:2      | Learned a level 3 spell: Conjure Flame
  1766 | D:2      | Learned a level 3 spell: Mephitic Cloud
  1907 | D:2      | Reached skill level 2 in Conjurations
  1985 | D:2      | Reached XP level 4. HP: 27/27 MP: 1/8
  1989 | D:2      | Learned a level 2 spell: Blink
  2360 | D:2      | HP: 4/27 [adder (5)]
  2363 | D:2      | Reached skill level 3 in Conjurations
  2771 | D:2      | Noticed Crazy Yiuf
  2777 | D:2      | HP: 5/27 [Crazy Yiuf/wand of magic darts (8)]
  2778 | D:2      | Killed from afar by Crazy Yiuf

Vault maps used:
D:1:      mrwooster_arrival_arrow
D:2:      nicolae_overflow_hidden_temple, tgw_trog, first_bread,
          uniq_crazy_yiuf_cottage

Action                   |  1- 3 |  4- 6 || total
-------------------------+-------+-------++-------
Melee: Dagger            |    50 |    37 ||    87
       Unarmed           |     4 |       ||     4
Throw: Javelin           |     4 |       ||     4
 Cast: Magic Dart        |    23 |    26 ||    49
  Use: Potion            |       |     3 ||     3
       Scroll            |       |     1 ||     1
 Stab: Sleeping          |     8 |     7 ||    15
  Eat: Chunk             |     3 |     2 ||     5

Vault maps used:
D:1:      mrwooster_arrival_arrow
D:2:      nicolae_overflow_hidden_temple, tgw_trog, first_bread,
          uniq_crazy_yiuf_cottage

Table legend:
 A = Turns spent in this place as a percentage of turns spent in the entire game.
 B = Non-inter-level travel turns spent in this place as a percentage of non-inter-level travel turns spent in the entire game.
 C = Inter-level travel turns spent in this place as a percentage of turns spent in this place.
 D = Turns resting spent in this place as a percentage of non-inter-level travel turns spent in this place.
 E = Turns spent auto-exploring this place as a percentage of non-inter-level travel turns spent in this place.
 F = Non-inter-level travel turns spent in this place divided by the number of levels of this place that you've seen.
                   A       B       C       D       E      F
               +-------+-------+-------+-------+-------+----------------------
         Total | 100.0 | 100.0 |   0.3 |   4.5 |   7.5 | 430.5
       Dungeon | 100.0 | 100.0 |   0.3 |   4.5 |   7.5 | 430.5
               +-------+-------+-------+-------+-------+----------------------

Table legend:
 A = Kills in this place as a percentage of kills in entire the game.
 B = Kills by you in this place as a percentage of kills by you in the entire game.
 C = Kills by friends in this place as a percentage of kills by friends in the entire game.
 D = Other kills in this place as a percentage of other kills in the entire game.
 E = Experience gained in this place as a percentage of experience gained in the entire game.
 F = Experience gained in this place divided by the number of levels of this place that you have seen.
                   A       B       C       D       E      F
               +-------+-------+-------+-------+-------+----------------------
         Total | 100.0 | 100.0 |  -nan |  -nan | 100.0 |  68.0
       Dungeon | 100.0 | 100.0 |  -nan |  -nan | 100.0 |  68.0
               +-------+-------+-------+-------+-------+----------------------
